 Dungeon Crawl Stone Soup version 0.21.1-1-g345015f (webtiles) character file.

42 Kairos the Charmwright (level 3, -10/27 HPs)
             Began as a Merfolk Skald on Mar 25, 2018.
             Killed by nerve-wracking pain
             ... invoked by Jessica
              (14 damage)
             ... on level 2 of the Dungeon.
             The game lasted 00:02:02 (1187 turns).

Kairos the Charmwright (Merfolk Skald)              Turns: 1187, Time: 00:02:02

Health: -10/27     AC:  3    Str: 12    XL:     3   Next: 56%
Magic:  2/6        EV: 12    Int: 12    God:
Gold:   99         SH:  0    Dex: 13    Spells: 1/6 levels left

rFire    . . .     SeeInvis .   a - +0 spear
rCold    . . .     Gourm    .   (no shield)
rNeg     . . .     Faith    .   b - +0 leather armour
rPois    .         Spirit   .   (no helmet)
rElec    .         Reflect  .   (no cloak)
rCorr    .         Harm     .   (no gloves)
MR       .....                  (no boots)
Stlth    +.........             (no amulet)
HPRegen  0.09/turn              (no ring)
MPRegen  0.10/turn              (no ring)

@: slowed, very slow
A: change form in water, swift swim, stealthy swim
a: no special abilities


You were on level 2 of the Dungeon.
You were not hungry.

You visited 1 branch of the dungeon, and saw 2 of its levels.

You collected 99 gold pieces.

Inventory:

Hand Weapons
 a - a +0 spear (weapon)
Missiles
 j - 2 throwing nets (quivered)
Armour
 b - a +0 leather armour (worn)
Scrolls
 e - 3 scrolls of teleportation {unknown}
 f - 2 scrolls of enchant armour {unknown}
 g - 2 scrolls of remove curse {unknown}
 h - 2 scrolls of fog {unknown}
 i - a scroll of identify {unknown}
 m - a scroll of fear {unknown}
Potions
 k - a potion of invisibility {unknown}
 l - a potion of haste {unknown}
Books
 c - a book of Battle

   Spells                             Type                      Level
   a - Infusion                       Charms                       1
   b - Shroud of Golubria             Charms/Translocation         2
   c - Song of Slaying                Charms                       2
   d - Spectral Weapon                Hexes/Charms                 3
   e - Regeneration                   Charms/Necromancy            3
Comestibles
 d - 2 rations


   Skills:
 + Level 2.2 Fighting
 + Level 3.4 Polearms
 + Level 1.1 Armour
 + Level 2.9 Dodging
 + Level 0.1 Stealth
 + Level 2.1 Spellcasting
 + Level 4.2 Charms


You had one spell level left.
You knew the following spells:

 Your Spells              Type           Power        Failure   Level  Hunger
a - Infusion              Chrm           ##..         6%          1    ##.....
b - Song of Slaying       Chrm           ##......     9%          2    ###....
c - Shroud of Golubria    Chrm/Tloc      #.........   22%         2    ###....


Dungeon Overview and Level Annotations

Branches:
Dungeon (2/15)

Altars:

Annotations:
D:2 Jessica


Message History

Jessica mumbles some strange words.
Jessica blinks!
Jessica gestures at you while chanting.
You feel yourself slow down.
You are no longer magically infusing your attacks.
Jessica hits you but does no damage.
You hit Jessica but do no damage.
Jessica is moderately wounded.
Jessica closely misses you. Jessica misses you.
You barely miss Jessica.
Jessica is moderately wounded.
Jessica closely misses you. x2
Jessica barely misses you.
Jessica hits you with a dagger of protection.
* * * LOW HITPOINT WARNING * * *
Jessica misses you. Jessica gestures at you while chanting.
Pain shoots through your body!
Ouch! That really hurt!
You die...

##..............#.#
...<.......##.....#
...........###....####
##....<............... .
#................#####..
#...........#######....
#...................##
...†.......##........#..
#..†.......#....@......?
...........#...@..<...#.
.........>.#..........#
.....#...###..........#
.......### #..........#
......## ##........##
......# .....(....#
.....## #..........#
>.....#


You could see Jessica.

Vanquished Creatures
  An adder (D:2)
  A dart slug (D:1)
  A leopard gecko (D:1)
  4 bats
  5 goblins
  4 hobgoblins
  3 kobolds
  3 frilled lizards
  8 rats
30 creatures vanquished.

Notes
Turn   | Place    | Note
-------+----------+-------------------------------------------
     0 | D:1      | Kairos the Merfolk Skald began the quest for the Orb.
     0 | D:1      | Reached XP level 1. HP: 16/16 MP: 3/3
   304 | D:1      | Reached XP level 2. HP: 22/22 MP: 5/5
   366 | D:1      | Reached skill level 4 in Charms
   768 | D:1      | Learned a level 2 spell: Song of Slaying
   771 | D:1      | Learned a level 2 spell: Shroud of Golubria
   795 | D:2      | Reached skill level 1 in Armour
   795 | D:2      | Reached XP level 3. HP: 5/27 MP: 6/6
   796 | D:2      | HP: 1/27 [rat (2)]
  1164 | D:2      | Noticed Jessica
  1187 | D:2      | Killed from afar by Jessica

Skill      XL: |  1  2 |
---------------+-------+-----
Charms         | 4 |  4.2
Armour         | 1 |  1.1
Fighting       | |  2.2
Polearms       | |  3.4
Dodging        | |  2.9
Stealth        | |  0.1
Spellcasting   | |  2.1

Action                   || total
-------------------------++-------
Melee: Spear             ||   102
 Cast: Infusion          ||     3
  Use: Potion            ||     2
 Stab: Sleeping          ||     1
  Eat: Chunk             ||     1
Armor: Leather armour    ||    17
Dodge: Dodged            ||    49
